 Dungeon Crawl Stone Soup version 0.28.0-47-ge53b351184 (webtiles) character file.

Game seed: 11327046853677640899

51 GigaChad the Covered (level 3, -8/33 HPs)
             Began as a Minotaur Fighter on May 9, 2022.
             Was a Believer of Uskayaw.
             Mangled by a gnoll
             ... wielding a +0 halberd
              (13 damage)
             ... on level 2 of the Dungeon.
             The game lasted 00:01:52 (1038 turns).

GigaChad the Covered (Minotaur Fighter)             Turns: 1038, Time: 00:01:53

Health: -8/33      AC:  7    Str: 20    XL:     3   Next: 58%
Magic:  2/2        EV:  9    Int:  5    God:    Uskayaw [**....]
Gold:   39         SH:  4    Dex: 11    Spells: 2/2 levels left

rFire   . . .      SeeInvis .   a - +0 long sword
rCold   . . .      Faith    .   c - +0 buckler
rNeg    . . .      Spirit   .   b - +0 scale mail
rPois   .          Reflect  .   (helmet restricted)
rElec   .          Harm     .   (no cloak)
rCorr   .          Rampage  .   (no gloves)
Will    .....                   (no boots)
Stlth   ..........              (no amulet)
HPRegen 0.11/turn               (no ring)
MPRegen 0.08/turn               (no ring)

@: no status effects
A: horns 2, retaliatory headbutt
a: Renounce Religion, Stomp, Line Pass


You were on level 2 of the Dungeon.
You worshipped Uskayaw.
Uskayaw was noncommittal.
You visited 1 branch of the dungeon, and saw 2 of its levels.

You collected 39 gold pieces.

Inventory:

Hand Weapons
 a - a +0 long sword (weapon)
Armour
 b - a +0 scale mail (worn)
 c - a +0 buckler (worn)
Jewellery
 h - an amulet of magic regeneration
Scrolls
 f - a scroll of noise {unknown}
 g - a scroll of identify {unknown}
Potions
 d - a potion of might
 e - 2 potions of brilliance {unknown}


   Skills:
 + Level 4.0 Fighting
 + Level 3.3 Long Blades
 + Level 4.4 Armour
 + Level 0.5 Dodging
 + Level 3.9 Shields


You had 2 spell levels left.
You didn't know any spells.
Your spell library was empty.

Dungeon Overview and Level Annotations

Branches:
Dungeon (2/15)

Altars:
Uskayaw

Shops:
D:2 *


Innate Abilities, Weirdness & Mutations

You have a pair of horns on your head.
You reflexively headbutt those who attack you in melee.


Message History

Found 13 gold pieces.
A kobold comes into view. It is wielding a +0 whip.
Found Kytenihi's Assorted Antiques.
The kobold throws a stone.
The stone closely misses you.
The kobold throws a stone.
The stone closely misses you.
The kobold throws a stone.
The stone barely misses you.
A gnoll comes into view. It is wielding a +0 whip.
The gnoll shouts!
A gnoll comes into view. It is wielding a +0 halberd.
You see here 13 gold pieces.
The gnoll shouts!
The kobold hits you but does no damage.
A ball python comes into view.
A gnoll comes into view. It is wielding a +0 spear.
The ball python hisses angrily.
The gnoll shouts!
You hear a shout!
You block the kobold's attack. The kobold hits you but does no damage.
The kobold closely misses you.
A gnoll comes into view. It is wielding a +0 halberd.
The kobold closely misses you. You furiously retaliate!
You headbutt the kobold!
You kill the kobold!
An endoplasm comes into view.
The endoplasm quivers.
Items here: ( ) ? [ †.
You slash the gnoll!
The gnoll is severely wounded.
The gnoll hits you with a +0 whip.
The ball python bites you but does no damage.
The ball python grabs you. The ball python constricts you.
You can now pass through a line of other dancers.
You escape the ball python's grasp.
You block the gnoll's attack. The ball python closely misses you.
The ball python grabs you. The ball python constricts you.
The gnoll hits you from afar with a +0 halberd.
The gnoll hits you with a +0 whip.
* * * LOW HITPOINT WARNING * * *
You escape the ball python's grasp.
Found 26 stones.
The gnoll hits you from afar with a +0 halberd!
You die...

########### #.........#
........# #.........#
........# #.........# .
........# #.........#..
........## #∩...........
.........###.>...g...#
..............gg..J..#..
..........#...).@g......
...............S.....#..
.......##......$........
.....####.#.######...#..
.#..#......... ......
##..#........... .#.#..
....#............ (....
.........(......# . ..
(...#............


You could see 4 gnolls, an endoplasm and a ball python.

Vanquished Creatures
  2 adders (D:2)
  A worm (D:2)
  2 dart slugs (D:1)
  2 endoplasms (D:1)
  A giant cockroach (D:1)
  2 hobgoblins
  4 jackals
  2 quokkas (D:1)
  2 ball pythons
  A frilled lizard (D:1)
  A goblin (D:1)
  3 kobolds
  5 rats
28 creatures vanquished.

Vanquished Creatures (others)
  A fungus (D:1)
  4 plants (D:1)
5 creatures vanquished.

Grand Total: 33 creatures vanquished

Notes
Turn   | Place    | Note
-------+----------+-------------------------------------------
     0 | D:1      | GigaChad the Minotaur Fighter began the quest for the Orb.
     0 | D:1      | Reached XP level 1. HP: 19/19 MP: 0/0
   135 | D:1      | Reached XP level 2. HP: 25/27 MP: 1/1
   526 | D:1      | Found a faded altar of an unknown god.
   536 | D:1      | Prayed at the altar of an unknown god.
   536 | D:1      | Became a worshipper of Uskayaw the Reveller
   536 | D:1      | Reached * piety under Uskayaw
   539 | D:1      | Reached ** piety under Uskayaw
   834 | D:2      | Reached XP level 3. HP: 25/33 MP: 2/2
  1022 | D:2      | Found Kytenihi's Assorted Antiques.
  1038 | D:2      | Mangled by a gnoll

Illustrated notes

Levels and vault maps discovered:
D:1:      dpeg_arrival_prison, layout_loops_ring,
          shapermc_ecumenical_altar_mp_ritualfount
D:2:      layout_rooms, serial_shops, shop,
          nicolae_concentric_dashed_squares_mild

Skill      XL: |  1  2 |
---------------+-------+-----
Armour         | 4 |  4.4
Long Blades    | 3 |  3.3
Fighting       | 4 |  4.0
Dodging        | |  0.5
Shields        | |  3.9

Action                   || total
-------------------------++-------
Melee: Long sword        ||    69
       Headbutt          ||     8
Armor: Scale mail        ||    59
Dodge: Dodged            ||    53
Block: Buckler           ||    25
